 Dungeon Crawl Stone Soup version 0.29-a0-352-g0917bc69df (webtiles) character file.

Game seed: 6441277012316628408

2 benadryl the Magician (level 1, -1/15 HPs)
             Began as a Djinni Fire Elementalist on Apr 23, 2022.
             Slain by a quokka (2 damage)
             ... on level 1 of the Dungeon.
             The game lasted 00:00:29 (96 turns).

benadryl the Magician (Djinni Fire Elementalist)      Turns: 96, Time: 00:00:30

Health: -1/15      AC:  2    Str:  7    XL:     1   Next: 33%
Gold:   7          EV: 12    Int: 16    God:
                   SH:  0    Dex: 13

rFire   + + .      SeeInvis .   c - +0 trident
rCold   x . .      Faith    .   (no shield)
rNeg    . . .      Spirit   .   a - +0 robe
rPois   ∞          Reflect  .   (no helmet)
rElec   .          Harm     .   (no cloak)
rCorr   .          Rampage  .   (no gloves)
Will    .....                   (boots unavailable)
Stlth   ++........              (no amulet)
HPRegen 0.05/turn               (no ring)
MPRegen 0.00/turn               (no ring)

@: flying
A: sickness immunity, fire resistance 2, cold vulnerability 1, float, innate
caster, HP casting, extra vitality 1
a: no special abilities


You were on level 1 of the Dungeon.
You visited 1 branch of the dungeon, and saw 1 of its levels.

You collected 7 gold pieces.

Inventory:

Hand Weapons
 c - a +0 trident (weapon)
Armour
 a - a +0 robe (worn)
Scrolls
 b - 2 scrolls of identify {unknown}
 e - a scroll of fog {unknown}
Potions
 d - a potion of flight {unknown}


   Skills:
 + Level 0.2 Fighting
 - Level 2.1 Dodging
 - Level 1.5 Stealth
 * Level 2.4 Spellcasting


You couldn't memorise any spells.
You knew the following spells:

 Your Spells              Type           Power      Damage    Failure   Level
a - Foxfire               Conj/Fire      36%        2x1d5     7%          1
b - Scorch                Fire           18%        2d6       11%         2
c - Conjure Flame         Conj/Fire      9%         6-21      22%         3
d - Inner Flame           Hex/Fire       9%         N/A       22%         3
e - Flame Wave            Conj/Fire      9%         2d5       56%         4
Your spell library was empty.

Dungeon Overview and Level Annotations

Branches:
Dungeon (1/15)

Altars:


Innate Abilities, Weirdness & Mutations

You are immune to sickness and miasma.
You are immune to poison.
Your flesh is very heat resistant. (rF++)
You are vulnerable to cold. (rC-)
You float through the air rather than walking.
You learn spells naturally, not from books.
Your magical power is your life essence.
You have superior vitality. (+4 MHP)


Message History

There are monsters nearby!
The kobold shouts!
An endoplasm comes into view.
You see here a +0 leather armour.
Cast which spell? (? or * to list)
You conjure some foxfire!
The endoplasm freezes you.
You are frozen.
You feel a terrible chill! The quokka barely misses you.
The foxfire hits the endoplasm.
The endoplasm is almost dead.
The foxfire hits the quokka.
The quokka is moderately wounded.
The quokka bites you but does no damage.
The endoplasm barely misses you.
A dart slug comes into view.
The endoplasm freezes you.
You are frozen.
You feel a terrible chill! The endoplasm attacks as you move away!
The endoplasm hits you.
You barely miss the quokka.
The quokka is moderately wounded.
The quokka misses you. The quokka bites you.
* * * LOW HITPOINT WARNING * * *
Casting: Foxfire (safe; 7% risk of failure)
Confirm with . or Enter, or press ? or * to list all spells.
You conjure some foxfire!
* * * LOW HITPOINT WARNING * * *
The quokka completely misses you.
Your foxfire dissipates!
The foxfire hits the quokka but does no damage.
The quokka is moderately wounded.
Casting: Foxfire (safe; 7% risk of failure)
Confirm with . or Enter, or press ? or * to list all spells.
You don't have enough health to cast this spell.
You hit the quokka but do no damage.
The quokka is moderately wounded.
The quokka barely misses you. x2
You hit the quokka.
The quokka is severely wounded.
The quokka bites you.
You die...

#. . #. .. #. .# #.
.. .###.#.#.
#.###.$w.>...
#.#K.J.#
#.#r#........
#.#@######... #.#.#
. # #.#.#
#.#####.#.# ##
#.........# #.#
........#### ###..
#####......####
.#.#
#....:.....##..##.#
#.#######.......#.#


You could see a quokka and a kobold.

Vanquished Creatures
  A bat (D:1)
  A rat (D:1)
2 creatures vanquished.

Vanquished Creatures (others)
  3 foxfires (D:1)
3 creatures vanquished.

Grand Total: 5 creatures vanquished

Notes
Turn   | Place    | Note
-------+----------+-------------------------------------------
     0 | D:1      | benadryl the Djinni Fire Elementalist began the quest for
                  | the Orb.
     0 | D:1      | Reached XP level 1. HP: 15/15 MP: 0/0
    96 | D:1      | Slain by a quokka

Illustrated notes

Levels and vault maps discovered:
D:1:      amcnicky_arrival_underground_garden, layout_loops_cross,
          nrook_mini_vaults, st_stairs_12, amcnicky_mini_corridor_feature

Action                   || total
-------------------------++-------
Melee: Trident           ||     9
 Cast: Foxfire           ||     2
Armor: Robe              ||     3
Dodge: Dodged            ||    11

Table legend: (Time is in decaauts)
 A = Elapsed time spent in this place.
 B = Non-inter-level travel time spent in this place.
 C = Inter-level travel time spent in this place.
 D = Time resting spent in this place.
 E = Time spent auto-exploring this place.
 F = Levels seen in this place.
 G = Mean time per level.
                   A        B        C        D        E       F      G
               +--------+--------+--------+--------+--------+-----+--------+
         Total |     97 |     97 |      0 |      0 |     62 |   1 |   97.0 |
       Dungeon |     97 |     97 |      0 |      0 |     62 |   1 |   97.0 |
               +--------+--------+--------+--------+--------+-----+--------+

Top non-repeatable levels by time:
     D:1: 97 daAuts
